Map: Acid Plant LE

Players

Lambo

  • Race: Zerg Zerg
  • Spawn Location: 11:00

Namshar - Winner!

  • Race: Zerg Zerg
  • Spawn Location: 5:00

Event: WCS Austin 2018

VOD

Have the link to the VOD?

Description

Time

  • Played on: June 1, 2018, 6 p.m.
  • Length: 9:18

All games in this series

Show
View Real Time Build Order
Export as new Build Order

Lambo Zerg 

Build Orders: Hatch First 

Get SALT Encoding   

  12  0:00  Drone  
  13  0:12  Overlord  
  13  0:16  Drone  
  14  0:30  Drone x2  
  14  0:35  Drone  
  17  0:51  Hatchery  
  17  0:54  Drone  
  17  0:57  Drone  
  17  1:02  Extractor  
  17  1:12  Spawning Pool  
  17  1:16  Drone  
  17  1:19  Drone  
  18  1:29  Drone  
  19  1:38  Drone  
  20  1:49  Overlord  
  20  2:00  Queen  
  22  2:02  Metabolic Boost  
  22  2:03  Queen  
  22  2:05  Drone x2  
  26  2:12  Drone  
  26  2:14  Drone  
  28  2:23  Drone  
  28  2:24  Drone  
  30  2:35  Hatchery, Drone  
  30  2:43  Queen  
  32  2:47  Overlord  
  32  2:51  Zergling x2  
  32  2:52  Zergling x2  
  32  2:56  Zergling x2  
  35  2:59  Zergling x2  
  36  3:05  Zergling x2  
  36  3:09  Zergling x8  
  41  3:14  Zergling x6  
  41  3:17  Overlord  
  44  3:22  Overlord  
  44  3:30  Baneling Nest  
  42  3:37  Drone x2  
  42  3:38  Overlord  
  44  3:41  Drone  
  44  3:47  Zergling x8  
  47  3:50  Zergling x2  
  46  4:02  Drone x4  
  50  4:05  Drone  
  51  4:11  Drone x2  
  51  4:15  Drone x2  
  55  4:18  Drone x2  
  55  4:20  Drone  
  55  4:21  Evolution Chamber  
  57  4:27  Baneling x4  
  57  4:28  Drone  
  57  4:29  Drone  
  59  4:31  Drone  
  59  4:32  Drone x2  
  59  4:35  Extractor  
  59  4:36  Drone, Extractor  
  59  4:37  Drone, Roach Warren  
  59  4:41  Drone  
  60  4:47  Drone x2  
  60  4:49  Drone  
  60  4:50  Drone  
  60  4:51  Overlord  
  60  5:01  Drone  
  60  5:02  Drone x3  
  60  5:05  Zerg Missile Weapons Level 1  
  64  5:09  Drone x2  
  64  5:11  Drone x3  
  69  5:16  Lair  
  69  5:20  Drone x2  
  69  5:21  Drone  
  72  5:28  Extractor  
  72  5:29  Extractor  
  72  5:31  Roach x2  
  73  5:35  Overlord  
  73  5:41  Overlord  
  73  5:42  Overlord  
  73  5:43  Overlord  
  73  5:54  Overlord, Baneling  
  73  6:01  Roach x5  
  79  6:05  Roach, Zergling x8  
  79  6:06  Ravager  
  82  6:14  Roach x2  
  82  6:15  Roach x2  
  82  6:18  Glial Reconstitution  
  89  6:19  Overlord  
  89  6:20  Extractor  
  89  6:22  Queen  
  89  6:27  Roach x4  
  89  6:31  Overlord  
  97  6:33  Roach x4, Zergling x2  
  97  6:39  Roach x2  
  111  6:41  Overlord  
  111  6:46  Roach  
  113  6:49  Roach x3  
  113  6:50  Roach x3  
  113  6:52  Overlord  
  125  6:55  Roach x2  
  129  7:03  Roach  
  129  7:06  Overlord, Ravager  
  129  7:08  Roach  
  134  7:13  Roach  
  138  7:15  Roach  
  138  7:16  Overlord  
  138  7:17  Roach x2  
  138  7:18  Roach x2  
  138  7:21  Roach  
  146  7:26  Roach x2  
  146  7:28  Roach  
  152  7:33  Overlord, Roach  
  152  7:36  Roach x2, Ravager  
  159  7:39  Roach  
  147  7:59  Roach x9  
  147  8:03  Roach x4  
  155  8:10  Roach  
  136  8:13  Roach x2  
  136  8:16  Roach x4  
  136  8:19  Roach x3  
  135  8:25  Roach  
  127  8:27  Roach  
  127  8:33  Roach  
  131  8:34  Ravager  
  131  8:35  Ravager  
  131  8:37  Ravager  
  131  8:39  Roach  
  131  8:40  Roach  
  138  8:43  Roach  
  138  8:44  Zergling x8  
  138  8:45  Hatchery  
  138  8:48  Roach x2  
  147  8:54  Roach x3  
  153  8:57  Roach  
  153  8:58  Roach  
Show
View Real Time Build Order
Export as new Build Order

Namshar Zerg - Winner!

Build Orders: Hatch First 

Get SALT Encoding   

  12  0:00  Drone  
  13  0:12  Overlord  
  13  0:17  Drone  
  14  0:30  Drone x2  
  14  0:34  Drone  
  17  0:50  Hatchery  
  17  0:54  Drone  
  17  0:57  Drone  
  17  1:02  Extractor  
  17  1:12  Spawning Pool  
  17  1:15  Drone  
  17  1:19  Drone  
  18  1:27  Drone  
  19  1:41  Overlord  
  19  1:49  Drone  
  20  1:58  Queen  
  22  2:02  Queen  
  22  2:03  Metabolic Boost  
  22  2:04  Drone  
  22  2:05  Drone  
  26  2:10  Drone  
  26  2:13  Drone  
  28  2:21  Drone  
  29  2:24  Drone  
  30  2:33  Hatchery  
  29  2:41  Queen  
  31  2:46  Overlord  
  31  2:50  Drone  
  32  2:52  Zergling x2  
  32  2:53  Zergling x2  
  32  2:55  Drone  
  32  2:56  Zergling x2  
  36  3:04  Zergling x2  
  37  3:09  Zergling x6  
  37  3:10  Zergling x2  
  41  3:15  Zergling x6  
  44  3:25  Overlord  
  44  3:28  Overlord  
  44  3:38  Baneling Nest  
  43  3:44  Overlord  
  43  3:45  Drone  
  44  3:48  Zergling x6  
  45  3:56  Drone  
  45  3:57  Drone x4  
  50  4:16  Zergling x4  
  51  4:21  Baneling x2  
  51  4:22  Baneling x2  
  51  4:23  Drone x5  
  56  4:28  Evolution Chamber  
  56  4:29  Drone  
  56  4:30  Drone x3  
  59  4:41  Baneling  
  59  4:42  Overlord x2, Baneling  
  59  4:45  Drone, Extractor x2  
  56  4:46  Drone x3  
  58  4:58  Baneling  
  58  4:59  Drone x10  
  67  5:00  Zerg Missile Weapons Level 1  
  67  5:07  Roach Warren  
  66  5:09  Overlord  
  66  5:14  Drone x3  
  67  5:16  Drone x3  
  72  5:32  Extractor  
  72  5:34  Lair, Drone x3, Extractor  
  72  5:35  Drone x5  
  77  5:43  Overlord  
  77  5:44  Drone x2  
  77  5:45  Drone x3  
  77  5:49  Overlord x2  
  82  5:52  Drone x2  
  81  6:10  Roach x6  
  91  6:12  Extractor  
  91  6:14  Roach  
  91  6:22  Evolution Chamber  
  89  6:30  Pneumatized Carapace  
  89  6:31  Overlord x2, Hatchery  
  87  6:36  Queen  
  87  6:37  Roach  
  87  6:38  Roach x7  
  105  6:47  Overlord x2  
  105  6:49  Roach x5  
  115  6:54  Zerg Ground Armor Level 1  
  115  7:01  Zerg Missile Weapons Level 2  
  115  7:02  Glial Reconstitution  
  115  7:03  Overlord  
  115  7:04  Drone  
  115  7:07  Roach x4  
  124  7:09  Ravager  
  124  7:10  Ravager x3  
  128  7:19  Overseer  
  128  7:24  Overlord x2  
  128  7:27  Roach x9  
  146  7:37  Roach x3  
  146  7:38  Roach  
  156  7:44  Roach x5  
  156  7:55  Roach x8  
  145  8:07  Roach x4  
  132  8:14  Roach x5  
  132  8:19  Roach x4  
  136  8:37  Roach x6  
  136  8:38  Roach x3  
  154  8:44  Roach x2  
  158  8:51  Ravager x2  
  158  8:52  Ravager x2  
  158  8:53  Overlord x4  
Tags
 
Add a new tag
Caveats
  • Supply blocks, unpowered buildings, or Contaminate may cause inaccurate times.
  • Supply counts are checked every 10 seconds.